 Dungeon Crawl Stone Soup version 0.23-a0-307-gc3b755d021 (webtiles) character file.

2440 PikkenKukken the Ducker (level 9, -14/42 HPs)
             Began as a Vine Stalker Gladiator on Oct 10, 2018.
             Was a Priest of Uskayaw.
             Killed from afar by Maurice (22 damage)
             ... with a wand of acid (4)
             ... on level 8 of the Dungeon.
             The game lasted 00:15:49 (7746 turns).

PikkenKukken the Ducker (Vine Stalker Gladiator)    Turns: 7746, Time: 00:15:50

Health: -14/42     AC:  9    Str: 18    XL:     9   Next: 49%
Magic:  0/10       EV: 17    Int: 10    God:    Uskayaw [***...]
Gold:   0          SH:  4    Dex: 16    Spells: 8/8 levels left

rFire    . . .     SeeInvis .   a - +1 rapier
rCold    . . .     Gourm    .   q - +1 buckler
rNeg     . . .     Faith    .   g - +0 ring mail
rPois    +         Spirit   +   c - +0 helmet
rElec    .         Reflect  .   l - scarf {repulsion}
rCorr    .         Harm     .   e - +1 pair of gloves
MR       +....                  h - +2 pair of boots
Stlth    +.........             (no amulet)
HPRegen  0.54/turn              G - ring of poison resistance
MPRegen  0.12/turn              t - +3 ring of evasion

@: corroded, starving, repel missiles
A: fangs 3, regeneration 1, magic shield, antimagic bite, no potion heal 3, rot
immunity
a: Stomp, Line Pass, Renounce Religion


You were on level 8 of the Dungeon.
You worshipped Uskayaw.
Uskayaw was noncommittal.
You were starving.

You visited 2 branches of the dungeon, and saw 9 of its levels.
You also visited: Ossuary.

You collected 308 gold pieces.
You spent 308 gold pieces at shops.

Inventory:

Hand Weapons
 a - a +1 rapier (weapon)
Missiles
 d - 2 throwing nets (quivered)
 y - 17 poisoned needles
 z - 3 tomahawks of returning
 C - 2 tomahawks
Armour
 b - a +0 leather armour
 c - a +0 helmet (worn)
 e - a +1 pair of gloves (worn)
 g - a +0 ring mail (worn)
 h - a +2 pair of boots (worn)
 l - a scarf of repulsion (worn)
 q - a +1 buckler (worn)
Jewellery
 k - an uncursed ring of fire
 t - a +3 ring of evasion (right hand)
 G - a ring of poison resistance (left hand)
Scrolls
 i - 4 scrolls of remove curse
 s - 3 scrolls of magic mapping
 u - 3 scrolls of fear
 v - 2 scrolls of teleportation
 w - 3 scrolls of identify
 A - a scroll of amnesia
 B - a scroll of blinking
 D - 2 scrolls of enchant weapon
Potions
 j - a potion of might
 n - a potion of magic {unknown}
 o - a potion of haste {unknown}
 p - 4 potions of curing
 r - 2 potions of berserk rage
 x - 3 potions of lignification
 F - a potion of flight
 H - a potion of invisibility
 I - a potion of agility {unknown}
 J - a potion of cancellation {unknown}
Comestibles
 f - 11 rations
 E - 2 chunks of flesh


   Skills:
 - Level 1.8 Fighting
 - Level 6.1 Short Blades
 - Level 5.0 Throwing
 + Level 5.5 Armour
 + Level 6.2 Dodging


You had 8 spell levels left.
You didn't know any spells.
Your spell library contained the following spells:

 Spells                   Type           Power        Failure   Level  Hunger
 Freeze                   Ice            #...         71%         1    ##.....
 Throw Frost              Conj/Ice       #.....       85%         2    ###....
 Ozocubu's Armour         Chrm/Ice       #.......     97%         3    ####...
 Summon Ice Beast         Ice/Summ       #.......     100%        4    #####..
 Throw Icicle             Conj/Ice       #.......     100%        4    #####..


Dungeon Overview and Level Annotations

Branches:
Dungeon (8/15)             Temple (1/1) D:7
   Lair: D:8-11

Altars:
Ashenzari
Cheibriados
Dithmenos
Elyvilon
Fedhas
Gozag
Hepliaklqana
Kikubaaqudgha
Nemelex Xobeh
Okawaru
Qazlal
Ru
Sif Muna
Trog
Uskayaw
Vehumet
Wu Jian
Xom
Yredelemnul
Zin
The Shining One

Shops:
D:4 (   D:6 [   D:7 *   D:8 =

Annotations:
D:7 1 runed door, feta's ghost, novice TrHu
D:8 Maurice


Innate Abilities, Weirdness & Mutations

You have razor-sharp teeth.
Your natural rate of healing is unusually fast.
When hurt, damage is shared between your health and your magic reserves.
Your bite disrupts and absorbs the magic of your enemies.
Potions cannot restore your health.
You are immune to rotting.


Message History

The bolt of acid misses you.
You barely miss something. Your bite misses something.
You block something's attack.
You miss something. Your bite misses something.
You hear a zap.
A bolt of acid appears from out of thin air!
The bolt of acid misses you.
You hit something. Your bite misses something. Something hits you.
* * * LOW HITPOINT WARNING * * *
Something steals 3 of your 5 tomahawks!
You hit something. Something hits you.
* * * LOW HITPOINT WARNING * * *
Something steals 172 gold pieces!
You now have 0 gold pieces.
You completely miss something. Your bite misses something.
You hit something but do no damage. You bite something.
You hear a zap.
A bolt of acid appears from out of thin air!
The bolt of acid hits you!
Ouch! That really hurt!
You die...

### **### #.# *** *,#.### #.#
***#.#* **** ,*##..###
#.######...#,** **,,* **
###..#####...@{...#**,,***,,,*
* ##...#....###.(##***,,*,,,,*
* ###.....## *#...#**,,,,,,,,
** ###......# *#...(.,,,*,,,,
,**###........# *#....,,,**,,,
,*#...........# *#...,,****,,
,,.....###....# *,...,** **,
,,...##* #....# *....** *#
*,..#* #....# *#...#* *.


There were no monsters in sight!

Vanquished Creatures
  A hippogriff (D:8)
  2 yaks (D:6)
  Sigmund (D:6)
  A wraith (Ossuary)
  A hungry ghost (D:8)
  An orc warrior (D:6)
  An ogre (D:4)
  A centaur (D:6)
  2 bullfrogs
  2 scorpions
  A water moccasin skeleton (D:4)
  3 howler monkeys
  5 crimson imps
  A hound (D:4)
  A jelly (D:7)
  A bullfrog skeleton (D:6)
  A centaur skeleton (D:7)
  4 orc wizards
  Natasha (D:3)
  4 worker ants
  A hound zombie (D:7)
  A hound skeleton (D:5)
  A mummy (Ossuary)
  A howler monkey zombie (D:6)
  Robin (D:2)
  8 gnolls
  A howler monkey skeleton (D:7)
  11 adders
  2 shadow imps
  An adder zombie (D:5)
  2 adder skeletons
  2 worms
  4 dart slugs
  2 leopard geckos
  15 orcs
  3 ball pythons
  7 bats
  4 giant cockroaches
  3 hobgoblins
  2 jackals (D:2)
  4 kobolds
  4 quokkas
  A frilled lizard (D:3)
  7 gnoll skeletons (Ossuary)
  10 goblins
  6 kobold skeletons (Ossuary)
  12 orc skeletons (Ossuary)
  A quokka skeleton (D:8)
152 creatures vanquished.

Notes
Turn   | Place    | Note
-------+----------+-------------------------------------------
     0 | D:1      | PikkenKukken the Vine Stalker Gladiator began the quest for
                  | the Orb.
     0 | D:1      | Reached XP level 1. HP: 11/11 MP: 2/2
   447 | D:1      | Reached XP level 2. HP: 15/15 MP: 3/3
   989 | D:2      | Reached XP level 3. HP: 11/18 MP: 4/4
  1421 | D:2      | Noticed Robin
  1465 | D:2      | Killed Robin
  1465 | D:2      | Reached skill level 1 in Armour
  1482 | D:2      | Gained mutation: Your natural rate of healing is unusually
                  | fast. [Vine Stalker growth]
  1482 | D:2      | Reached XP level 4. HP: 6/23 MP: 2/5
  2001 | D:2      | Found a white marble altar of Elyvilon.
  2353 | D:3      | Found a stormy altar of Qazlal.
  2552 | D:3      | Reached XP level 5. HP: 26/26 MP: 6/6
  2591 | D:3      | Found a faded altar of an unknown god.
  2643 | D:3      | Noticed Natasha
  2655 | D:3      | Killed Natasha
  3029 | D:3      | Found a basalt altar of Yredelemnul.
  3267 | D:4      | Noticed an ogre
  3276 | D:4      | Killed an ogre
  3276 | D:4      | Reached XP level 6. HP: 30/30 MP: 7/7
  3503 | D:4      | Found Gyaruad's Weapon Boutique.
  3509 | D:4      | Bought 17 poisoned needles for 88 gold pieces
  3875 | D:5      | Entered Level 5 of the Dungeon
  3996 | D:5      | Found an iron altar of Okawaru.
  4069 | D:5      | Reached XP level 7. HP: 28/34 MP: 6/8
  4178 | D:5      | Found an ancient bone altar of Kikubaaqudgha.
  4332 | D:5      | Reached skill level 5 in Short Blades
  4385 | D:5      | Found a radiant altar of Vehumet.
  4386 | D:5      | Found a shadowy altar of Dithmenos.
  4763 | D:6      | Found Metacw's Antique Armour Emporium.
  4978 | D:6      | Found an ornate altar of the Wu Jian Council.
  5216 | D:6      | Gained mutation: You have razor-sharp teeth. [Vine Stalker
                  | growth]
  5216 | D:6      | Reached XP level 8. HP: 39/39 MP: 9/9
  5322 | D:6      | Noticed Sigmund
  5336 | D:6      | Killed Sigmund
  5874 | D:7      | Found an opulent altar of Gozag.
  5879 | D:7      | Found Gozag's Platinum Reserve.
  5902 | D:7      | Noticed a yak
  5905 | D:7      | Noticed a yak
  5906 | D:7      | Noticed a yak
  5922 | D:6      | Killed a yak
  5930 | D:7      | Noticed a yak
  5940 | D:6      | Killed a yak
  6034 | D:7      | Reached skill level 5 in Throwing
  6038 | D:7      | Reached skill level 5 in Dodging
  6048 | D:7      | Reached XP level 9. HP: 40/42 MP: 10/10
  6089 | D:7      | Found a staircase to the Ecumenical Temple.
  6101 | Temple   | Entered the Ecumenical Temple
  6290 | Temple   | Became a worshipper of Uskayaw the Reveler
  6460 | D:7      | Found a bloodstained altar of Trog.
  6483 | D:7      | Reached * piety under Uskayaw
  6554 | D:7      | Found a runed door.
  6556 | D:7      | Noticed feta's ghost (novice TrHu)
  6880 | D:8      | Found Huabaobe's Jewellery Shop.
  6883 | D:8      | Bought an uncursed ring of poison resistance for 220 gold
                  | pieces
  6972 | D:8      | Reached ** piety under Uskayaw
  6982 | D:8      | Reached *** piety under Uskayaw
  6991 | D:8      | Reached **** piety under Uskayaw
  7057 | D:8      | Reached skill level 5 in Armour
  7094 | D:8      | Found a sand-covered staircase.
  7099 | Ossuary  | Entered an ossuary
  7720 | D:8      | Noticed Maurice
  7746 | D:8      | Killed from afar by Maurice

Vault maps used:
D:1:      dpeg_arrival_simpleton_a
D:2:      minmay_door_path, elyvilon_altar_3, minivault_4, uniq_robin
D:3:      lemuel_round_altar, chequers_ecumenical_altar_twisty,
          minmay_misc_feat_hallway, minmay_misc_feat_pillars,
          nicolae_qazlal_general_emergency, uniq_natasha
D:4:      serial_shops, nicolae_shop_trees
D:5:      okawaru_trees_1, kiku_gazebo_garden_becter,
          gammafunk_temple_overflow_pools, first_ration, st_stairs_5
D:6:      overflow_temple_1_default, serial_shops, nicolae_shop_trees,
          minivault_1, grunt_decor_mini_mirrors, uniq_sigmund
D:7:      kennysheep_mini, minmay_temple_entry_butterflies,
          ebering_ghost_inner_flame, st_stairs_8,
          nicolae_gozag_zags_fifth_avenue
D:8:      lightli_temple_of_fire, nicolae_ossuary_entry_false_entrances,
          serial_shops, kennysheep_mini_moat, uniq_maurice
Temple:   nicolae_temple_figure_eight
Ossuary:  ossuary_due_mausoleum

Skill      XL: |  1  2  3  4  5  6  7  8  9 |
---------------+----------------------------+-----
Short Blades   | 3 4 5 6 |  6.1
Throwing       | 2 3 4 5 |  5.0
Armour         | 1 2 3 4 5 |  5.5
Dodging        | 3 4 5 6 |  6.2
Fighting       | |  1.8

Action                   |  1- 3 |  4- 6 |  7- 9 || total
-------------------------+-------+-------+-------++-------
Melee: Rapier            |    79 |   132 |   325 ||   536
       Bite              |    13 |    44 |   114 ||   171
Throw: Javelin           |       |    28 |    38 ||    66
       Tomahawk          |       |       |     4 ||     4
       Throwing net      |       |       |     4 ||     4
  Use: Scroll            |     5 |     6 |     5 ||    16
       Potion            |     3 |       |     1 ||     4
 Stab: Paralysed         |       |       |     5 ||     5
  Eat: Chunk             |     2 |     8 |    12 ||    22
Armor: Leather armour    |     8 |       |       ||     8
       Ring mail         |    17 |    50 |    92 ||   159
       Skin              |    29 |       |       ||    29
Dodge: Dodged            |    56 |    82 |   186 ||   324
       Deflected         |       |     2 |       ||     2
Block: Buckler           |     8 |    29 |    55 ||    92

Table legend:
 A = Non-vault XP
 B = Vault XP
 C = Vault XP percentage of total XP
 D = Non-vault monster count
 E = Vault monster count
 F = Vault count percentage of total count
                 A         B        C        D         E       F
            +---------+---------+-------+---------+---------+-------
      Total |    2931 |     556 |  15.9 |     112 |      40 |  26.3
            +---------+---------+-------+---------+---------+-------
        D:1 |      23 |       0 |   0.0 |       6 |       0 |   0.0
        D:2 |      66 |      31 |  32.0 |      15 |       9 |  37.5
        D:3 |      49 |      36 |  42.4 |      16 |       1 |   5.9
        D:4 |     291 |       0 |   0.0 |      10 |       0 |   0.0
        D:5 |     212 |      25 |  10.5 |      10 |       2 |  16.7
        D:6 |    1022 |     223 |  17.9 |      19 |       1 |   5.0
        D:7 |     465 |       0 |   0.0 |      14 |       0 |   0.0
        D:8 |     803 |       0 |   0.0 |      22 |       0 |   0.0
    Ossuary |       0 |     241 | 100.0 |       0 |      27 | 100.0
            +---------+---------+-------+---------+---------+-------
